 Dungeon Crawl Stone Soup version 0.21-a0-621-gc60411f (webtiles) character file.

80 Gaball the Chopper (level 4, -4/40 HPs)
             Began as a Deep Dwarf Fighter on Dec 23, 2017.
             Slain by an orc
             ... wielding a +1 hand axe of electrocution
              (18 damage)
             ... on level 3 of the Dungeon.
             The game lasted 00:03:36 (1791 turns).

Gaball the Chopper (Deep Dwarf Fighter)             Turns: 1791, Time: 00:03:36

Health: -4/40      AC:  6    Str: 20    XL:     4   Next: 18%
Magic:  4/4        EV:  9    Int:  9    God:
Gold:   99         SH:  4    Dex: 12    Spells: 3/3 levels left

rFire    . . .     SeeInvis .   a - +0 war axe
rCold    + . .     Gourm    .   l - +0 buckler
rNeg     . . .     Faith    .   b - +0 scale mail
rPois    .         Spirit   .   (no helmet)
rElec    .         Reflect  .   (no cloak)
rCorr    .         Harm     .   (no gloves)
MR       .....     Rnd*Tele +   (no boots)
Stlth    ..........             (no amulet)
HPRegen  0.00/turn              g - ring of protection from cold
MPRegen  0.09/turn              o - ring of teleportation (curse)

@: non-regenerating
A: damage resistance, heal wounds, sense surroundings 1, no regeneration
a: Heal Wounds


You were on level 3 of the Dungeon.
You were hungry.

You visited 1 branch of the dungeon, and saw 3 of its levels.

You collected 99 gold pieces.

Inventory:

Hand Weapons
 a - a +0 war axe (weapon)
Missiles
 n - 28 stones (quivered)
Armour
 b - a +0 scale mail (worn)
 c - a +0 shield
 l - a +0 buckler (worn)
Jewellery
 g - a ring of protection from cold (left hand)
 o - a cursed ring of teleportation (right hand)
 s - a cursed ring of teleportation
Wands
 m - a wand of acid (13)
Scrolls
 e - a scroll of amnesia
 h - a scroll of enchant armour
 p - a scroll of fog
 r - a scroll of fear
Potions
 d - 3 potions of might
 i - 2 potions of berserk rage {unknown}
 k - 2 potions of curing
 q - a potion of flight {unknown}
Comestibles
 f - 3 rations


   Skills:
 - Level 2.6 Fighting
 + Level 5.0 Axes
 - Level 3.2 Armour
 - Level 3.2 Shields


You had 3 spell levels left.
You didn't know any spells.

Dungeon Overview and Level Annotations

Branches:
Dungeon (3/15)

Altars:
Elyvilon


Innate Abilities, Weirdness & Mutations

You are resistant to damage.
You can heal yourself by infusing magical energy.
You passively map a small area around you.
You do not regenerate.


Message History

There are monsters nearby!
There are monsters nearby!
A kobold comes into view. It is wielding a club.
The kobold shouts!
The kobold throws a stone.
The stone hits you but does no damage.
You see here a stone.
You hit the kobold but do no damage. The kobold misses you.
The kobold closely misses you.
You hit the kobold but do no damage. You block the kobold's attack.
You hit the kobold.
The kobold is moderately wounded.
The kobold hits you but does no damage.
You hit the kobold.
You kill the kobold!
You slash the orc!
You kill the orc!
Your Axes skill increases to level 5!
You closely miss the orc. The orc hits you but does no damage.
You are electrocuted!
You die...

#.# , , #.#
#.o #.# #oo#
* #.# #..# *,
, #.# #..# *
* #####.#
#..# ,
...<..# #..#
*,# ####..#
#..#######.#
* * #..#
#......o@).#*
####..#
##.#########
* **
......####.#
##.........#
*,
###......## *
######.# ,
#.########
#......... ,
##########


You could see an orc.

Vanquished Creatures
  3 adders
  An ooze (D:3)
  A worm (D:2)
  2 dart slugs
  2 leopard geckos (D:1)
  An orc (D:3)
  3 ball pythons
  2 giant cockroaches (D:2)
  2 goblins (D:1)
  6 hobgoblins
  4 kobolds
  5 bats
  4 frilled lizards
  4 rats
40 creatures vanquished.

Notes
Turn   | Place    | Note
-------+----------+-------------------------------------------
     0 | D:1      | Gaball the Deep Dwarf Fighter began the quest for the Orb.
     0 | D:1      | Reached XP level 1. HP: 20/20 MP: 1/1
    41 | D:1      | Reached skill level 3 in Axes
    42 | D:1      | Reached XP level 2. HP: 24/27 MP: 2/2
   739 | D:2      | Reached XP level 3. HP: 21/33 MP: 3/3
   788 | D:2      | Reached skill level 4 in Axes
  1448 | D:2      | Found a white marble altar of Elyvilon.
  1749 | D:3      | Reached XP level 4. HP: 17/40 MP: 4/4
  1790 | D:3      | Reached skill level 5 in Axes
  1791 | D:3      | Slain by an orc

Vault maps used:
D:1:      minmay_arrival_plants_in_alcoves, kennysheep_nondescript,
          minmay_pentomino_p2
D:2:      lemuel_coloured_pillars_altar, minmay_distorted
D:3:      gup_sewer_entry_pipe, first_ration, kennysheep_generic_room_5

Skill      XL: |  1  2  3  4 |
---------------+-------------+-----
Axes           | 3 4 5 |  5.0
Fighting       | |  2.6
Armour         | |  3.2
Shields        | |  3.2

Action                   |  1- 3 |  4- 6 || total
-------------------------+-------+-------++-------
Melee: War axe           |   111 |     8 ||   119
Throw: Stone             |     3 |       ||     3
  Use: Scroll            |     3 |     2 ||     5
  Eat: Chunk             |     2 |       ||     2
Armor: Scale mail        |    52 |     2 ||    54
Dodge: Dodged            |    40 |     2 ||    42
Block: Shield            |    11 |       ||    11
       Buckler           |    23 |     1 ||    24

Table legend:
 A = Spawn XP
 B = Non-spawn XP
 C = Spawn XP percentage of total XP
 D = Spawn monster count
 E = Non-spawn monster count
 F = Spawn count percentage of total count
 G = Total turns spent on level
                    A         B        C        D         E        F      G
               +---------+---------+-------+---------+---------+-------+---------
         Total |       0 |     115 |   0.0 |       0 |      40 |   0.0 |  1791
               +---------+---------+-------+---------+---------+-------+---------
           D:1 |       0 |      28 |   0.0 |       0 |      14 |   0.0 |   710
           D:2 |       0 |      60 |   0.0 |       0 |      20 |   0.0 |  1015
           D:3 |       0 |      27 |   0.0 |       0 |       6 |   0.0 |    66
               +---------+---------+-------+---------+---------+-------+---------
